 Dungeon Crawl Stone Soup version 0.24-a0-201-gf205589 (webtiles) character file.

Game seed: 11542936917759933711

77 Borgoz the Bolt Thrower (level 4, -9/40 HPs)
             Began as a Kobold Hunter on Mar 24, 2019.
             Killed by divine providence
             ... invoked by an orc priest
              (17 damage)
             ... on level 3 of the Dungeon.
             The game lasted 00:04:11 (1639 turns).

Borgoz the Bolt Thrower (Kobold Hunter)             Turns: 1639, Time: 00:04:12

Health: -9/40      AC: 22    Str: 10    XL:     4   Next: 60%
Magic:  4/4        EV:  3    Int: 12    God:
Gold:   38         SH:  0    Dex: 15    Spells: 3/3 levels left

rFire    . . .     SeeInvis .   a - +1 short sword
rCold    . . .     Gourm    .   (shield restricted)
rNeg     + + +     Faith    .   (armour currently unavailable)
rPois    +         Spirit   .   (helmet currently unavailable)
rElec    .         Reflect  .   (cloak currently unavailable)
rCorr    .         Harm     .   (gloves currently unavailable)
MR       .....     NoTele   +   (boots currently unavailable)
Stlth    ++........             (no amulet)
HPRegen  0.13/turn              (no ring)
MPRegen  0.09/turn              (no ring)

@: tree-form
A: small, carnivore
a: no special abilities


You were on level 3 of the Dungeon.
You were completely stuffed.
You were a tree.
You visited 1 branch of the dungeon, and saw 3 of its levels.

You collected 38 gold pieces.

Inventory:

Hand Weapons
 a - a +1 short sword (weapon)
 b - a +1 hand crossbow
Missiles
 d - 55 bolts
 q - 5 tomahawks of returning (quivered)
Armour
 c - a +1 leather armour (melded)
 n - a +0 ring mail
Scrolls
 g - 3 scrolls of identify
 i - 2 scrolls of teleportation {unknown}
 k - 2 scrolls of amnesia
 o - a scroll of enchant armour
Potions
 h - a potion of agility {unknown}
 j - a potion of brilliance {unknown}
 l - 2 potions of flight
 p - a potion of lignification
Comestibles
 f - 8 rations
 r - 4 chunks of flesh


   Skills:
 + Level 2.5 Fighting
 * Level 2.7 Short Blades
 - Level 4.8 Crossbows
 + Level 1.1 Throwing
 * Level 1.1 Armour
 + Level 2.9 Dodging
 + Level 2.5 Stealth


You had 3 spell levels left.
You didn't know any spells.
Your spell library was empty.

Dungeon Overview and Level Annotations

Branches:
Dungeon (3/15)

Altars:

Annotations:
D:3 Natasha


Innate Abilities, Weirdness & Mutations

You are small and have problems with some larger weapons.
You are carnivorous and can eat meat at any time.


Message History

* * * LOW HITPOINT WARNING * * *
The orc barely misses you.
Natasha mewls in sadness.
You feel better. The orc hits you but does no damage.
An adder comes into view.
The orc priest hits you with a +0 falchion!
* * * LOW HITPOINT WARNING * * *
The orc completely misses you.
Natasha hisses.
You feel better. The orc hits you with a +0 club.
* * * LOW HITPOINT WARNING * * *
It was a potion of flight.
You feel very buoyant.
You fly up into the air.
The orc misses you.
It was a potion of lignification.
You turn into a tree.
Your +1 leather armour melds into your body.
Your roots penetrate the ground.
The orc hits you but does no damage.
The orc priest calls down the wrath of Beogh upon you.
Beogh smites you!
You die...

#### #.# #... #.# #... #.#
#... # #####.# #... ..
#...#.# #... #. #...#.# #...
#.. #...#.# #### #.. #...#♣#
#..o#.o.#o###### ######
#...So..oob....###....####
.?.....o.o.h................
#####.####..)....÷.....#....
#. ##+###..##'#....... #
#..#..#.......
#..#..#P.##### #.P####..#


You could see an orc priest, Natasha, 3 orcs and a bat.

Vanquished Creatures
  An adder (D:2)
  An ooze (D:1)
  3 worms (D:2)
  3 dart slugs
  A leopard gecko (D:2)
  2 orcs (D:3)
  3 giant cockroaches (D:1)
  10 goblins
  7 hobgoblins
  A quokka (D:2)
  A ball python (D:1)
  6 bats
  A frilled lizard (D:1)
  A kobold (D:2)
  3 rats
44 creatures vanquished.

Notes
Turn   | Place    | Note
-------+----------+-------------------------------------------
     0 | D:1      | Borgoz the Kobold Hunter began the quest for the Orb.
     0 | D:1      | Reached XP level 1. HP: 12/12 MP: 1/1
   133 | D:1      | Reached skill level 1 in Short Blades
   138 | D:1      | Reached XP level 2. HP: 16/17 MP: 2/2
   316 | D:1      | Reached XP level 3. HP: 18/22 MP: 3/3
   758 | D:2      | Reached skill level 1 in Throwing
  1020 | D:2      | Reached XP level 4. HP: 27/27 MP: 4/4
  1483 | D:2      | Reached skill level 1 in Armour
  1623 | D:3      | Noticed Natasha
  1631 | D:3      | HP: 1/27 [orc priest/+0 falchion (10)]
  1639 | D:3      | Killed from afar by an orc priest

Levels and vault maps discovered:
D:1:      dpeg_arrival_line_fractal, layout_rooms, minmay_pentomino_x2
D:2:      layout_rooms
D:3:      layout_basic, corexii_shack, nemelex_dance_club_becter, uniq_natasha

Skill      XL: |  1  2  3  4 |
---------------+-------------+-----
Short Blades   | 1 2 |  2.7
Stealth        | 2 |  2.5
Throwing       | 1 |  1.1
Armour         | 1 |  1.1
Fighting       | |  2.5
Crossbows      | |  4.8
Dodging        | |  2.9

Action                   |  1- 3 |  4- 6 || total
-------------------------+-------+-------++-------
Melee: Short sword       |   121 |    72 ||   193
 Fire: Hand crossbow     |     7 |       ||     7
  Use: Potion            |     1 |     5 ||     6
       Scroll            |     1 |     3 ||     4
 Stab: Sleeping          |     2 |       ||     2
       Distracted        |     1 |       ||     1
  Eat: Chunk             |     9 |     2 ||    11
Armor: Leather armour    |    21 |     9 ||    30
       Skin              |       |     1 ||     1
Dodge: Dodged            |    95 |    68 ||   163

Table legend:
 A = Non-vault XP
 B = Vault XP
 C = Vault XP percentage of total XP
 D = Non-vault monster count
 E = Vault monster count
 F = Vault count percentage of total count
                 A         B        C        D         E       F
            +---------+---------+-------+---------+---------+-------
      Total |     104 |       7 |   6.3 |      41 |       3 |   6.8
            +---------+---------+-------+---------+---------+-------
        D:1 |      41 |       4 |   8.9 |      19 |       2 |   9.5
        D:2 |      59 |       0 |   0.0 |      20 |       0 |   0.0
        D:3 |       4 |       3 |  42.9 |       2 |       1 |  33.3
            +---------+---------+-------+---------+---------+-------
